 Dungeon Sprint DCSS version 0.24-a0-613-g1ff6aac338 (webtiles) character file.

Game seed: 10797103807134829695, levelgen mode: deterministic

436 Chiseanne the Fighter (level 6, -1/67 HPs)
             Began as a Minotaur Fighter on Sept 10, 2019.
             Was an Initiate of Okawaru.
             Slain by Sonja
             ... wielding a +2 dagger of distortion
              (2 damage)
             ... in the Dungeon (Sprint I: "Red Sonja").
             The game lasted 00:01:47 (305 turns).

Chiseanne the Fighter (Minotaur Fighter)             Turns: 305, Time: 00:01:48

Health: -1/67      AC:  6    Str: 20    XL:     6   Next: 68%
Magic:  5/5        EV: 13    Int:  5    God:    Okawaru [......]
Gold:   57         SH: 12    Dex: 12    Spells: 5/5 levels left

rFire    . . .     SeeInvis .   a - +0 war axe
rCold    . . .     Gourm    .   c - +0 shield
rNeg     . . .     Faith    .   b - +0 scale mail
rPois    .         Spirit   .   (helmet restricted)
rElec    .         Reflect  .   (no cloak)
rCorr    .         Harm     .   (no gloves)
MR       .....     NoTele   +   (no boots)
Stlth    ..........             (no amulet)
HPRegen  0.21/turn              (no ring)
MPRegen  0.09/turn              (no ring)

@: lethally poisoned (-1 -> -3), very slightly contaminated, slowed, invisible,
very slow
A: retaliatory headbutt, horns 2
a: Renounce Religion


You were in the Dungeon.
You worshipped Okawaru.
Okawaru was noncommittal.
You were not hungry.

You visited 1 branch You collected 310 gold pieces.
You spent 253 gold pieces at shops.

Inventory:

Hand Weapons
 a - a +0 war axe (weapon)
Armour
 b - a +0 scale mail (worn)
 c - a +0 shield (worn)
Scrolls
 j - a scroll of identify
 k - 3 scrolls of blinking
 l - a scroll of remove curse
Potions
 h - a potion of haste
 i - 2 potions of magic
 m - a potion of flight
Comestibles
 d - 8 chunks of flesh
 f - a ration


   Skills:
 * Level 10.5 Fighting
 - Level 2.4 Axes
 - Level 3.6 Armour
 * Level 9.1 Dodging
 * Level 10.5 Shields


You had 5 spell levels left.
You didn't know any spells.
Your spell library was empty.

Dungeon Overview and Level Annotations

Branches:
Dungeon (1/1)

Altars:
Cheibriados
Dithmenos
Elyvilon
Fedhas
Gozag
Hepliaklqana
Kikubaaqudgha
Nemelex Xobeh
Okawaru
Qazlal
Ru
Sif Muna
Trog
Uskayaw
Vehumet
Wu Jian
Yredelemnul
Zin
The Shining One

Shops:
D *

Annotations:
D Sonja


Innate Abilities, Weirdness & Mutations

You reflexively headbutt those who attack you in melee.
You have a pair of horns on your head.


Message History

You headbutt Sonja! Sonja hits you but does no damage.
Space warps horribly around you!!
* * * LOW HITPOINT WARNING * * *
Sonja hits you with a +2 dagger of distortion.
* * * LOW HITPOINT WARNING * * *
Space warps horribly around you!
* * * LOW HITPOINT WARNING * * *
Sonja closely misses you. You block Sonja's attack. x2
You feel much better.
You feel sick. You block Sonja's attack. x2
Sonja closely misses you.
Sonja drinks a potion.
Sonja is healed!
You closely miss Sonja.
You feel sick. You block Sonja's attack. Sonja misses you.
Sonja hits you with a +2 dagger of distortion.
Space warps horribly around you!
* * * LOW HITPOINT WARNING * * *
Sonja hits you but does no damage. Space warps horribly around you!!
* * * LOW HITPOINT WARNING * * *
Sonja barely misses you. You block Sonja's attack. x2
Sonja hits you with a +2 dagger of distortion.
You die...

#<.#..').#..'..#
#..'[.#..').#..+
#..#####'#####'#
#..####..#...#.#
#..#__####..##.#
#..#_____##'#_.+
#⌠⌠#_.∩...÷.(._#
####_..__##_(#+#
#_____###@#
####### #K# $.$
#$.$# ##.## #+#


You could see Sonja.

Vanquished Creatures
  Sigmund (D)
  A yak (D)
  An ogre (D)
  A jelly (D)
  Ijyb (D)
5 creatures vanquished.

Vanquished Creatures (others)
  A gargoyle (D)
1 creature vanquished.

Grand Total: 6 creatures vanquished

Notes
Turn   | Place    | Note
-------+----------+-------------------------------------------
     0 | D        | Chiseanne the Minotaur Fighter began the quest for the Orb.
     0 | D        | Reached XP level 1. HP: 19/19 MP: 0/0
     2 | D        | Noticed Ijyb
    10 | D        | Killed Ijyb
    10 | D        | Reached skill level 5 in Fighting
    10 | D        | Reached skill level 5 in Shields
    10 | D        | Reached XP level 2. HP: 25/29 MP: 1/1
    48 | D        | Noticed an ogre
    54 | D        | Killed an ogre
    54 | D        | Reached skill level 5 in Dodging
    54 | D        | Reached XP level 3. HP: 19/39 MP: 2/2
    54 | D        | Reached XP level 4. HP: 23/47 MP: 3/3
   215 | D        | Noticed Sigmund
   233 | D        | Killed Sigmund
   233 | D        | Reached XP level 5. HP: 57/57 MP: 4/4
   233 | D        | Reached XP level 6. HP: 64/64 MP: 5/5
   252 | D        | Found a shimmering blue altar of Sif Muna.
   253 | D        | Found an ornate altar of the Wu Jian Council.
   254 | D        | Found a radiant altar of Vehumet.
   277 | D        | Found Gacooc's General Store.
   277 | D        | Found an ancient bone altar of Kikubaaqudgha.
   277 | D        | Found a hazy altar of Hepliaklqana.
   277 | D        | Found a stormy altar of Qazlal.
   277 | D        | Found a hide-covered altar of Uskayaw.
   277 | D        | Found a blossoming altar of Fedhas.
   277 | D        | Found a bloodstained altar of Trog.
   277 | D        | Found an iron altar of Okawaru.
   277 | D        | Found a basalt altar of Yredelemnul.
   277 | D        | Found a glowing golden altar of the Shining One.
   277 | D        | Found a snail-covered altar of Cheibriados.
   277 | D        | Found a sacrificial altar of Ru.
   277 | D        | Found a glowing silver altar of Zin.
   277 | D        | Found a shadowy altar of Dithmenos.
   277 | D        | Found a white marble altar of Elyvilon.
   277 | D        | Noticed a yak
   281 | D        | Killed a yak
   281 | D        | Reached skill level 10 in Fighting
   281 | D        | Reached skill level 10 in Shields
   282 | D        | Found an opulent altar of Gozag.
   285 | D        | Found a sparkling altar of Nemelex Xobeh.
   289 | D        | Bought a scroll of identify for 22 gold pieces
   289 | D        | Bought a scroll of remove curse for 33 gold pieces
   289 | D        | Bought a potion of flight for 33 gold pieces
   289 | D        | Bought 2 scrolls of blinking for 165 gold pieces
   290 | D        | Became a worshipper of Warmaster Okawaru
   295 | D        | Killed a gargoyle
   298 | D        | Noticed Sonja
   305 | D        | HP: 1/67 [Sonja/+2 dagger of distortion (19)]
   305 | D        | Slain by Sonja

Levels and vault maps discovered:
D:        dungeon_sprint_1 [red_sonja_temple_1, red_sonja_temple_small_1]

Skill      XL: |  1  2  3  4  5  6 |
---------------+-------------------+-----
Fighting       | 5 7 9 10 | 10.5
Dodging        | 3 5 7 9 |  9.1
Shields        | 5 7 9 10 | 10.5
Axes           | |  2.4
Armour         | |  3.6

Action                   |  1- 3 |  4- 6 || total
-------------------------+-------+-------++-------
Melee: War axe           |    13 |    16 ||    29
       Headbutt          |     4 |     2 ||     6
  Use: Potion            |       |     5 ||     5
Armor: Scale mail        |     2 |     3 ||     5
Dodge: Dodged            |     6 |    20 ||    26
Block: Shield            |     4 |    13 ||    17

Table legend:
 A = Non-vault XP
 B = Vault XP
 C = Vault XP percentage of total XP
 D = Non-vault monster count
 E = Vault monster count
 F = Vault count percentage of total count
                 A         B        C        D         E       F
            +---------+---------+-------+---------+---------+-------
      Total |       0 |     623 | 100.0 |       0 |       5 | 100.0
            +---------+---------+-------+---------+---------+-------
          D |       0 |     623 | 100.0 |       0 |       5 | 100.0
            +---------+---------+-------+---------+---------+-------
